3AA
FT. POLK SOUTH THUNDER HAWKS @ SALEM MISFITS
08/11/2024
 
TOP OF THE 1ST
Ft. Polk South Thunder Hawks batting - Pitching for Salem Misfits : RHP Kenny Koehler
Pitching: RHP Kenny Koehler
Batting: RHB Pablo Marrero 0-0: SINGLE (Groundball, 6MD)
Batting: RHB Ramón Valdéz 0-0: Ball
1-0: Foul Ball, location: 2F
1-1: Foul Ball, location: 2F
1-2: Foul Ball, location: 2F
1-2: Strikes out swinging
Batting: RHB Steven Grant 0-0: Ball
1-0: Grounds into double play, 5-4-3 (Groundball, 56)
Top of the 1st over - 0 run(s), 1 hit(s), 0 error(s), 0 left on base; Ft. Polk South 0 - Salem 0
BOTTOM OF THE 1ST
Salem Misfits batting - Pitching for Ft. Polk South Thunder Hawks : LHP Hermenegildo Beliago
Pitching: LHP Hermenegildo Beliago
Batting: RHB Jesús Cisneros 0-0: Called Strike
0-1: Called Strike
0-2: Foul Ball, location: 2F
0-2: Fly out, F9 (Popup, 9LSF)
Batting: RHB Raúl Reyna 0-0: Ball
1-0: Fly out, F9 (Flyball, 89M)
Batting: SHB Fernando Sánchez 0-0: Ground out 6-3 (Groundball, 6)
Bottom of the 1st over - 0 run(s), 0 hit(s), 0 error(s), 0 left on base; Ft. Polk South 0 - Salem 0
TOP OF THE 2ND
Ft. Polk South Thunder Hawks batting - Pitching for Salem Misfits : RHP Kenny Koehler
Batting: RHB Robbie Chambers 0-0: Swinging Strike
0-1: Swinging Strike
0-2: Ball
1-2: Strikes out swinging
Batting: LHB Bryan Gregg 0-0: Called Strike
0-1: Ball
1-1: Fly out, F9 (Line Drive, 89M)
Batting: LHB Tom Benjamin 0-0: Ball
1-0: Ball
2-0: Swinging Strike
2-1: DOUBLE (Line Drive, 6D)
Batting: RHB Héctor López 0-0: Foul Ball, location: 2F
0-1: Ball
1-1: Ball
2-1: Swinging Strike
2-2: Strikes out swinging
Top of the 2nd over - 0 run(s), 1 hit(s), 0 error(s), 1 left on base; Ft. Polk South 0 - Salem 0
BOTTOM OF THE 2ND
Salem Misfits batting - Pitching for Ft. Polk South Thunder Hawks : LHP Hermenegildo Beliago
Batting: LHB José Corona 0-0: Swinging Strike
0-1: Ball
1-1: Foul Ball, location: 2F
1-2: SINGLE (Flyball, 7LM)
Batting: SHB Jim Unknown 0-0: Ball
1-0: Ball
2-0: Called Strike
2-1: Called Strike
2-2: SINGLE (Groundball, 56)
José Corona to second
Batting: RHB Ernesto Souza 0-0: Called Strike
0-1: Ball
1-1: Swinging Strike
1-2: Strikes out swinging
Batting: LHB Brent van Schoonhoven 0-0: Ball
1-0: Ball
2-0: Called Strike
2-1: Fly out, F6 (Popup, 56D)
Batting: RHB Ramón Ávila 0-0: Called Strike
0-1: Foul Ball, location: 2F
0-2: Strikes out looking
Bottom of the 2nd over - 0 run(s), 2 hit(s), 0 error(s), 2 left on base; Ft. Polk South 0 - Salem 0
TOP OF THE 3RD
Ft. Polk South Thunder Hawks batting - Pitching for Salem Misfits : RHP Kenny Koehler
Batting: RHB Iván Hernández 0-0: Ground out 4-3 (Groundball, 4)
Batting: RHB Jack Peck 0-0: Ball
1-0: Ball
2-0: Called Strike
2-1: Ball
3-1: Base on Balls
Batting: RHB Pablo Marrero 0-0: Grounds into double play, 1-4-3 (Groundball, 13)
Top of the 3rd over - 0 run(s), 0 hit(s), 0 error(s), 0 left on base; Ft. Polk South 0 - Salem 0
BOTTOM OF THE 3RD
Salem Misfits batting - Pitching for Ft. Polk South Thunder Hawks : LHP Hermenegildo Beliago
Batting: RHB Héctor Cantú 0-0: Ball
1-0: Swinging Strike
1-1: Ground out 5-3 (Groundball, 5)
Batting: RHB Jesús Cisneros 0-0: Ball
1-0: Ball
2-0: Ball
3-0: Called Strike
3-1: Bunt for hit - play at first, batter OUT! 5-3
Batting: RHB Raúl Reyna 0-0: Ball
1-0: Ball
2-0: Called Strike
2-1: Ball
3-1: Ground out 1-3 (Groundball, 23)
Bottom of the 3rd over - 0 run(s), 0 hit(s), 0 error(s), 0 left on base; Ft. Polk South 0 - Salem 0
TOP OF THE 4TH
Ft. Polk South Thunder Hawks batting - Pitching for Salem Misfits : RHP Kenny Koehler
Batting: RHB Ramón Valdéz 0-0: Ground out 1-3 (Groundball, 15)
Batting: RHB Steven Grant 0-0: Ball
1-0: Called Strike
1-1: Ground out 5-3 (Groundball, 5S)
Batting: RHB Robbie Chambers 0-0: Called Strike
0-1: Ball
1-1: Ball
2-1: Foul Ball, location: 2F
2-2: Ground out 5-3 (Groundball, 56S)
Top of the 4th over - 0 run(s), 0 hit(s), 0 error(s), 0 left on base; Ft. Polk South 0 - Salem 0
BOTTOM OF THE 4TH
Salem Misfits batting - Pitching for Ft. Polk South Thunder Hawks : LHP Hermenegildo Beliago
Batting: SHB Fernando Sánchez 0-0: Ball
1-0: Called Strike
1-1: Ball
2-1: Ball
3-1: Base on Balls
Batting: LHB José Corona 0-0: Called Strike
0-1: TRIPLE (Line Drive, 7LS)
Fernando Sánchez scores
Batting: SHB Jim Unknown 0-0: SINGLE (Groundball, 56D)
José Corona scores
Batting: RHB Ernesto Souza 0-0: Called Strike
0-1: Ball
1-1: SINGLE (Line Drive, 6D)
Jim Unknown to second
Batting: LHB Brent van Schoonhoven 0-0: Ball
1-0: Grounds into double play, 4-6-3 (Groundball, 4)
Jim Unknown to third
Batting: RHB Ramón Ávila 0-0: Called Strike
0-1: Swinging Strike
0-2: Ball
1-2: Ball
2-2: Foul Ball, location: 2F
2-2: Ball
3-2: Base on Balls
Batting: RHB Héctor Cantú 0-0: Ball
Pickoff Throw to First - Out!
Bottom of the 4th over - 2 run(s), 3 hit(s), 0 error(s), 0 left on base; Ft. Polk South 0 - Salem 2
TOP OF THE 5TH
Ft. Polk South Thunder Hawks batting - Pitching for Salem Misfits : RHP Kenny Koehler
Batting: LHB Bryan Gregg 0-0: Ball
1-0: Ball
2-0: Ground out 3-1 (Groundball, 3)
Batting: LHB Tom Benjamin 0-0: Called Strike
0-1: Ball
1-1: Ball
2-1: Ball
3-1: Foul Ball, location: 2F
3-2: Ground out 6-3 (Groundball, 6)
Batting: RHB Héctor López 0-0: SINGLE (Line Drive, 34)
Batting: RHB Iván Hernández 0-0: Called Strike
Héctor López steals 2nd base
0-1: Fly out, F9 (Flyball, 9M)
Top of the 5th over - 0 run(s), 1 hit(s), 0 error(s), 1 left on base; Ft. Polk South 0 - Salem 2
BOTTOM OF THE 5TH
Salem Misfits batting - Pitching for Ft. Polk South Thunder Hawks : LHP Hermenegildo Beliago
Batting: RHB Héctor Cantú 0-0: SINGLE (Line Drive, 4MD)
Batting: RHB Jesús Cisneros 0-0: Ball
1-0: Sac Bunt - play at first, batter OUT! U3
Héctor Cantú to second
Batting: RHB Raúl Reyna 0-0: Ball
1-0: Foul Ball, location: 2F
1-1: Foul Ball, location: 2F
1-2: Ball
2-2: Foul Ball, location: 2F
2-2: Ball
3-2: Ground out U3 (Groundball, 3S)
Héctor Cantú to third
Batting: SHB Fernando Sánchez 0-0: Called Strike
0-1: Called Strike
0-2: Ground out 6-3 (Groundball, 6M)
Bottom of the 5th over - 0 run(s), 1 hit(s), 0 error(s), 1 left on base; Ft. Polk South 0 - Salem 2
TOP OF THE 6TH
Ft. Polk South Thunder Hawks batting - Pitching for Salem Misfits : RHP Kenny Koehler
Batting: RHB Jack Peck 0-0: Ball
1-0: Called Strike
1-1: Ball
2-1: Foul Ball, location: 2F
2-2: Foul Ball, location: 2F
2-2: Foul Ball, location: 2F
2-2: Strikes out swinging
Batting: RHB Pablo Marrero 0-0: Called Strike
0-1: Foul Ball, location: 2F
0-2: Ball
1-2: Strikes out swinging
Batting: RHB Ramón Valdéz 0-0: SINGLE (Groundball, 6M)
Batting: RHB Steven Grant 0-0: Ball
1-0: Called Strike
1-1: Foul Ball, location: 2F
1-2: Ball
2-2: DOUBLE (Line Drive, 7LD)
Ramón Valdéz to third
Runner from 3rd tries for Home, SAFE, no throw or cutoff
Batting: RHB Robbie Chambers 0-0: Foul Ball, location: 2F
0-1: Ball
1-1: Fly out, F8 (Flyball, 8LM)
Top of the 6th over - 1 run(s), 2 hit(s), 0 error(s), 1 left on base; Ft. Polk South 1 - Salem 2
BOTTOM OF THE 6TH
Salem Misfits batting - Pitching for Ft. Polk South Thunder Hawks : LHP Hermenegildo Beliago
Batting: LHB José Corona 0-0: Ground out 4-3 (Groundball, 4)
Batting: SHB Jim Unknown 0-0: Called Strike
0-1: Ball
1-1: Fly out, F4 (Popup, 34D)
Batting: RHB Ernesto Souza 0-0: Ball
1-0: Ground out 6-3 (Groundball, 6M)
Bottom of the 6th over - 0 run(s), 0 hit(s), 0 error(s), 0 left on base; Ft. Polk South 1 - Salem 2
TOP OF THE 7TH
Ft. Polk South Thunder Hawks batting - Pitching for Salem Misfits : RHP Kenny Koehler
Batting: LHB Bryan Gregg 0-0: Foul Ball, location: 2F
0-1: Fly out, F8 (Flyball, 8RM)
Batting: LHB Tom Benjamin 0-0: Swinging Strike
0-1: Ball
1-1: SINGLE (Groundball, 6MD)
Pitching: LHP Dorian Daly
Batting: RHB Héctor López 0-0: Ball
1-0: Ground out 5-3 (Groundball, 56S)
Tom Benjamin to second
Batting: RHB Iván Hernández 0-0: Ball
1-0: Called Strike
1-1: Called Strike
1-2: Ball
2-2: Foul Ball, location: 2F
2-2: Foul Ball, location: 2F
2-2: Strikes out swinging
Top of the 7th over - 0 run(s), 1 hit(s), 0 error(s), 1 left on base; Ft. Polk South 1 - Salem 2
BOTTOM OF THE 7TH
Salem Misfits batting - Pitching for Ft. Polk South Thunder Hawks : LHP Hermenegildo Beliago
Pitching: RHP Jim Unknown
Batting: LHB Brent van Schoonhoven 0-0: Called Strike
0-1: SINGLE (Flyball, 9S)
Batting: RHB Ramón Ávila 0-0: Ball
1-0: Sac Bunt - play at first, batter OUT! 3-4
Brent van Schoonhoven to second
Batting: RHB Héctor Cantú 0-0: Fly out, F8 (Flyball, 8RM)
Pinch Hitting: LHB Jim Unknown 0-0: Ball
1-0: Ball
2-0: Ball
3-0: Called Strike
3-1: Called Strike
3-2: Foul Ball, location: 2F
3-2: 2-RUN HOME RUN (Flyball, 9LD), Distance : 342 ft
Batting: RHB Raúl Reyna 0-0: Ball
1-0: Called Strike
1-1: Called Strike
1-2: Ball
2-2: Ball
3-2: Foul Ball, location: 2F
3-2: Foul Ball, location: 2F
3-2: Ground out 5-3 (Groundball, 5)
Bottom of the 7th over - 2 run(s), 2 hit(s), 0 error(s), 0 left on base; Ft. Polk South 1 - Salem 4
TOP OF THE 8TH
Ft. Polk South Thunder Hawks batting - Pitching for Salem Misfits : LHP Dorian Daly
Now at 2B: Jim Unknown
Batting: RHB Jack Peck 0-0: Foul Ball, location: 2F
0-1: Swinging Strike
0-2: Ball
1-2: Ground out U3 (Groundball, 3S)
Batting: RHB Pablo Marrero 0-0: Fly out, F3 (Popup, 3F)
Batting: RHB Ramón Valdéz 0-0: Swinging Strike
0-1: Ball
1-1: Ball
2-1: Called Strike
2-2: Strikes out swinging
Top of the 8th over - 0 run(s), 0 hit(s), 0 error(s), 0 left on base; Ft. Polk South 1 - Salem 4
BOTTOM OF THE 8TH
Salem Misfits batting - Pitching for Ft. Polk South Thunder Hawks : RHP Jim Unknown
Batting: SHB Fernando Sánchez 0-0: Ball
1-0: Ground out 1-3 (Groundball, 13S)
Batting: LHB José Corona 0-0: Swinging Strike
0-1: Foul Ball, location: 2F
0-2: Foul Ball, location: 2F
0-2: Strikes out swinging
Batting: SHB Jim Unknown 0-0: Called Strike
0-1: Ball
1-1: Swinging Strike
1-2: Ball
2-2: Ground out U3 (Groundball, 3)
Bottom of the 8th over - 0 run(s), 0 hit(s), 0 error(s), 0 left on base; Ft. Polk South 1 - Salem 4
TOP OF THE 9TH
Ft. Polk South Thunder Hawks batting - Pitching for Salem Misfits : LHP Dorian Daly
Pitching: RHP Rob Rocha
Batting: RHB Steven Grant 0-0: Called Strike
0-1: Ball
1-1: Foul Ball, location: 2F
1-2: Foul Ball, location: 2F
1-2: Ball
2-2: Ball
3-2: Foul Ball, location: 2F
3-2: Foul Ball, location: 2F
3-2: Foul Ball, location: 2F
3-2: Base on Balls
Batting: RHB Robbie Chambers 0-0: Ball
1-0: Ball
2-0: Called Strike
2-1: Foul Ball, location: 2F
2-2: Ball
3-2: Strikes out swinging
Batting: LHB Bryan Gregg 0-0: Grounds into double play, U4-3 (Groundball, 4)
Top of the 9th over - 0 run(s), 0 hit(s), 0 error(s), 0 left on base; Ft. Polk South 1 - Salem 4
This league is powered by Out of the Park Baseball, the baseball management simulation game for PC, Mac and Linux
Monday, October 3rd, 2016 - OOTP Baseball 16.9 Build 39